 Dungeon Crawl Stone Soup version 0.28-a0-768-g8c92f1e708 (webtiles) character file.

Game seed: 5616746220520079609

1152 Conn the Sneak (level 8, -4/50 HPs)
             Began as an Octopode Fire Elementalist on Oct 31, 2021.
             Was an Initiate of Sif Muna.
             Slain by a sky beast (5 damage)
             ... on level 5 of the Dungeon.
             The game lasted 00:09:38 (6454 turns).

Conn the Sneak (Octopode Fire Elementalist)         Turns: 6454, Time: 00:09:42

Health: -4/50      AC:  1    Str:  7    XL:     8   Next: 38%
Magic:  15/15      EV: 14    Int: 19    God:    Sif Muna [......]
Gold:   162        SH:  0    Dex: 15    Spells: 3/16 levels left

rFire   . . .      SeeInvis .   v - +7 dagger "Ofirch" {vorpal, rC+ Dex+2 Stlth+}
rCold   + . .      Faith    .   (no shield)
rNeg    . . .      Spirit   .   (helmet restricted)
rPois   .          Reflect  .   (no amulet)
rElec   .          Harm     .   (no ring)
rCorr   .          Rampage  .   (no ring)
Will    .....                   (no ring)
Stlth   +++++.....              (no ring)
HPRegen 0.16/turn               (no ring)
MPRegen 0.14/turn               (no ring)
                                (no ring)
                                (no ring)

@: mighty
A: almost no armour, amphibious, 8 rings, camouflage 1, gelatinous body 1,
(nimble swimmer 1), tentacles
a: Renounce Religion


You were on level 5 of the Dungeon.
You worshipped Sif Muna.
Sif Muna was noncommittal.
You visited 2 branches of the dungeon, and saw 6 of its levels.

You collected 162 gold pieces.

Inventory:

Hand Weapons
 e - a +0 dagger
 v - the +7 dagger "Ofirch" (weapon) {vorpal, rC+ Dex+2 Stlth+}
   (You found it on level 5 of the Dungeon)

   It inflicts extra damage upon your enemies.
   Dex:       It affects your dexterity (+2).
   rC:        It protects you from cold.
   Stlth:     It makes you more stealthy.
Missiles
 h - 6 curare-tipped darts
 m - 14 poisoned darts
 u - a throwing net
Wands
 l - a wand of iceblast (13)
 p - a wand of polymorph (11)
 q - a wand of flame (11)
Scrolls
 a - a scroll of enchant armour {unknown}
 c - 3 scrolls of immolation {unknown}
 f - 4 scrolls of amnesia {unknown}
 i - a scroll of teleportation {unknown}
 j - a scroll of identify {unknown}
 o - a scroll of fear {unknown}
 r - a scroll of torment {unknown}
 s - a scroll of holy word {unknown}
Potions
 b - a potion of cancellation
 d - a potion of might
 g - a potion of magic
 k - a potion of curing {unknown}
 n - 2 potions of haste {unknown}
 t - 2 potions of lignification {unknown}


   Skills:
 + Level 2.1 Fighting
 + Level 2.2 Short Blades
 + Level 2.8 Dodging
 + Level 6.6 Stealth
 + Level 4.8 Spellcasting
 + Level 3.8 Conjurations
 + Level 0.1 Hexes
 + Level 5.2 Fire Magic


You had 3 spell levels left.
You knew the following spells:

 Your Spells              Type           Power      Damage    Failure   Level
a - Foxfire               Conj/Fire      84%        2x1d8     1%          1
b - Conjure Flame         Conj/Fire      21%        6-21      6%          3
c - Inner Flame           Hex/Fire       14%        N/A       13%         3
d - Flame Wave            Conj/Fire      21%        3d6       19%         4
e - Scorch                Fire           48%        2d7       2%          2

Your spell library contained the following spells:

 Spells                   Type           Power      Damage    Failure   Level


Dungeon Overview and Level Annotations

Branches:
Dungeon (5/15)             Temple (1/1) D:4

Altars:
Ashenzari
Cheibriados
Dithmenos
Gozag
Kikubaaqudgha
Makhleb
Nemelex Xobeh
Okawaru
Ru
Sif Muna
Trog
Uskayaw
Vehumet
Wu Jian
Xom
Yredelemnul
Zin
The Shining One

Shops:
D:2 *


Innate Abilities, Weirdness & Mutations

You cannot wear most types of armour.
You are amphibious.
You can wear up to eight rings at the same time.
Your skin changes colour to match your surroundings (Stealth+).
Your rubbery body absorbs attacks. (AC +1, EV +1)
((You are camouflaged near water. (Stealth+)))
You have tentacles for arms and can constrict up to eight enemies at once.


Message History

The sky beast shocks you.
* * * LOW HITPOINT WARNING * * *
Unknown command.
Unknown command.
Unknown command.
Unknown command.
Okay, then.
Okay, then.
Unknown command.
Unknown command.
Unknown command.
Unknown command.
Okay, then.
Unknown command.
Aiming: Polymorph
Press: ? - help, Shift-Dir - straight line, f - sky beast
Aim: a sky beast (will become a fire bat, a swamp drake, or an acid dragon, chance to affect: 46%)
Okay, then.
Unknown command.
Unknown command.
Unknown command.
Okay, then.
Unknown command.
Okay, then.
It was a potion of cancellation.
You feel magically purged.
Your magical contamination has completely faded away.
The sky beast hits you.
* * * LOW HITPOINT WARNING * * *
The sky beast shocks you.
* * * LOW HITPOINT WARNING * * *
It was a potion of might.
You feel very mighty all of a sudden. The sky beast barely misses you.
It was a potion of magic.
Magic courses through your body.
The sky beast flickers out of sight!
Deactivating autopickup; reactivate with Ctrl-A.
Something hits you.
* * * LOW HITPOINT WARNING * * *
Something shocks you.
You die...

#....### ##.....# #...##
###.....# ##.....# ###....###
#.##...÷####.....####.........
####..#....†.#.......#...........
≈#.......###..#.>....###......#.#
.†..#.#### ##.#....#.....##......
....### #......#.....###..#.#
##..# ###..#####...#####.... ##.#
##...{@# ###...##..#..# ##..#
####.....####.............
#...####.##.....##.......#.....#.
.....#.......<..###...####....##.
....)).).........##.#.###...#####
...............####.#..##.....##.
...............# #..##..##.......
...............####....####.##...
.##..#..........# #....## #..#...


There were no monsters in sight!

Vanquished Creatures
  Sigmund (D:2)
  A black bear (D:5)
  An ice beast (D:5)
  An ogre (D:5)
  A centaur (D:4)
  A gnoll sergeant (D:5)
  A scorpion (D:2)
  A centaur zombie (D:4)
  2 centaur skeletons
  A hound (D:2)
  An orc priest (D:5)
  Terence (D:2)
  3 iguanas
  An orc wizard (D:5)
  2 hound skeletons
  8 river rats (D:5)
  3 adders
  An adder skeleton (D:5)
  6 dart slugs
  7 orcs
  8 endoplasms
  A giant cockroach (D:2)
  9 hobgoblins
  9 jackals (D:4)
  5 quokkas
  9 ball pythons
  4 bats
  4 frilled lizards
  9 goblins
  10 kobolds
  19 rats
131 creatures vanquished.

Vanquished Creatures (others)
  An endoplasm (D:4)
  359 foxfires
360 creatures vanquished.

Grand Total: 491 creatures vanquished

Notes
Turn   | Place    | Note
-------+----------+-------------------------------------------
     0 | D:1      | Conn the Octopode Fire Elementalist began the quest for the
                  | Orb.
     0 | D:1      | Reached XP level 1. HP: 11/11 MP: 3/3
   477 | D:1      | Reached XP level 2. HP: 17/17 MP: 0/5
   481 | D:2      | Noticed Sigmund
   481 | D:2      | Noticed a scorpion
   893 | D:1      | Reached skill level 3 in Stealth
   909 | D:1      | Found a faded altar of an unknown god.
   914 | D:1      | Reached XP level 3. HP: 21/21 MP: 6/6
  1640 | D:2      | Reached skill level 4 in Stealth
  1640 | D:2      | Reached XP level 4. HP: 27/27 MP: 4/7
  1723 | D:2      | Killed Sigmund
  1724 | D:2      | Reached skill level 1 in Fighting
  1724 | D:2      | Reached skill level 1 in Short Blades
  1724 | D:2      | Reached skill level 5 in Stealth
  1724 | D:2      | Reached XP level 5. HP: 31/33 MP: 0/9
  1843 | D:2      | Noticed Terence
  1851 | D:2      | Reached XP level 6. HP: 29/38 MP: 3/10
  2096 | D:1      | Learned a level 3 spell: Conjure Flame
  2100 | D:1      | Learned a level 3 spell: Inner Flame
  2302 | D:2      | Found Ihah's General Store.
  2469 | D:2      | Killed Terence
  2795 | D:3      | Found a snail-covered altar of Cheibriados.
  3369 | D:3      | Reached skill level 6 in Stealth
  3653 | D:4      | Found a radiant altar of Vehumet.
  3760 | D:4      | Found a staircase to the Ecumenical Temple.
  3769 | Temple   | Entered the Ecumenical Temple
  4239 | D:4      | Reached XP level 7. HP: 32/43 MP: 8/12
  4536 | D:4      | Found a bloodstained altar of Trog.
  5346 | D:4      | Learned a level 4 spell: Flame Wave
  5349 | D:4      | Learned a level 2 spell: Scorch
  5385 | D:5      | Entered Level 5 of the Dungeon
  5458 | D:5      | Identified the +7 dagger "Ofirch" {vorpal, rC+ Dex+2
                  | Stlth+}
  5580 | D:5      | Found an opulent altar of Gozag.
  5769 | D:5      | Reached XP level 8. HP: 23/49 MP: 8/14
  6022 | D:5      | Reached skill level 5 in Fire Magic
  6188 | D:5      | Found a shimmering blue altar of Sif Muna.
  6216 | D:5      | Became a worshipper of Sif Muna the Loreminder
  6452 | D:5      | HP: 2/50 [sky beast (6)]
  6454 | D:5      | Slain by a sky beast

Illustrated notes

Levels and vault maps discovered:
D:1:      tarquinn_simple_flora_water_f, layout_loops_ring,
          ebering_ecumenical_altar_hall, minmay_pentomino_u2
D:2:      layout_loops_ring, serial_shops, nicolae_shop_trees, serial_glass,
          glass_columns_a, glass_columns_a, due_unseen_surprise, uniq_terence,
          uniq_sigmund
D:3:      layout_rooms, lemuel_tele_altar, serial_curves, eino_curves_03,
          eino_curves_02
D:4:      layout_basic, vehumet_altar_wand_db, trog_hazing_becter,
          minmay_temple_entry_water_ring, lemuel_flame_loot_1
D:5:      lemuel_ratsnest, layout_cave_pools, old_standard_altar,
          kennysheep_orc_sif_temple, serial_glass, glass_columns_a,
          glass_columns_a, glass_columns_a, glass_columns_a, glass_columns_c
Temple:   nicolae_temple_figure_eight

Skill      XL: |  1  2  3  4  5  6  7  8 |
---------------+-------------------------+-----
Stealth        | 3 4 5 6 |  6.6
Fighting       | 1 2 |  2.1
Short Blades   | 1 2 |  2.2
Conjurations   | 2 3 |  3.8
Fire Magic     | 4 5 |  5.2
Spellcasting   | 3 4 |  4.8
Dodging        | |  2.8
Hexes          | |  0.1

Action                   |  1- 3 |  4- 6 |  7- 9 || total
-------------------------+-------+-------+-------++-------
Melee: Dagger            |    30 |    30 |    42 ||   102
       Constrict         |     9 |     9 |    10 ||    28
       Unarmed           |     2 |       |       ||     2
       Tentacles         |     2 |     5 |     6 ||    13
 Cast: Foxfire           |    30 |    99 |    75 ||   204
       Flame Wave        |       |       |     3 ||     3
       Conjure Flame     |       |       |     1 ||     1
       Inner Flame       |       |       |     1 ||     1
       Scorch            |       |       |     1 ||     1
  Use: Potion            |       |       |     3 ||     3
 Stab: Sleeping          |    10 |     4 |     2 ||    16
Armor: Skin              |     3 |     2 |     4 ||     9
Dodge: Dodged            |    22 |    33 |    43 ||    98

Table legend: (Time is in decaauts)
 A = Elapsed time spent in this place.
 B = Non-inter-level travel time spent in this place.
 C = Inter-level travel time spent in this place.
 D = Time resting spent in this place.
 E = Time spent auto-exploring this place.
 F = Levels seen in this place.
 G = Mean time per level.
                   A        B        C        D        E       F      G
               +--------+--------+--------+--------+--------+-----+--------+
         Total |   6450 |   6348 |    102 |    255 |   4723 |   6 | 1075.0 |
       Dungeon |   6170 |   6079 |     91 |    255 |   4456 |   5 | 1234.0 |
        Temple |    280 |    269 |     11 |      0 |    267 |   1 |  280.0 |
               +--------+--------+--------+--------+--------+-----+--------+

Top non-repeatable levels by time:
     D:1: 1745 daAuts
     D:4: 1512 daAuts
     D:5: 1067 daAuts
     D:2: 974 daAuts
     D:3: 870 daAuts
  Temple: 280 daAuts
